 Dungeon Crawl Stone Soup version 0.19-a0-1107-gc676ff4 (console) character file.

186 brucemayne the Chopper (level 5, -4/58 HPs)
             Began as a Vampire Berserker on Aug 9, 2016.
             Was a Follower of Trog.
             Slain by a centaur (7 damage)
             ... on level 7 of the Dungeon.
             The game lasted 00:03:56 (855 turns).

brucemayne the Chopper (Vampire Berserker)           Turns: 855, Time: 00:03:57

Health: -4/58      AC: 11    Str: 22    XL:     5   Next: 38%
Magic:  5/5        EV:  7    Int:  9    God:    Trog [*.....]
Gold:   77         SH:  0    Dex: 14    Spells: 0 memorised, 4 levels left

rFire  . . .     SeeInvis +     a - +0 hand axe
rCold  . . .     Gourm    .     e - +0 plate armour
rNeg   + . .     Faith    .     (no shield)
rPois  .         Spirit   .     (no helmet)
rElec  .         Dismiss  .     l - +0 cloak
rCorr  .         Reflect  .     (no gloves)
SustAt .         Harm     .     (no boots)
MR     .....                    (no amulet)
Stlth  ..........               (no ring)
                                (no ring)

@: berserking, very quick
A: fangs 3, see invisible, unbreathing
a: Bat Form, Berserk, Burn Spellbooks, Renounce Religion


You were on level 7 of the Dungeon.
You worshipped Trog.
Trog was aware of your devotion.
You were not thirsty.

You visited 1 branch of the dungeon, and saw 7 of its levels.

You collected 77 gold pieces.

Inventory:

Hand Weapons
 a - a +0 hand axe (weapon)
Armour
 b - a +0 animal skin
 e - a +0 plate armour (worn)
 g - a +0 ring mail
 l - a +0 cloak (worn)
Scrolls
 f - a scroll of teleportation {unknown}
 h - a scroll of identify {unknown}
 i - a scroll of noise {unknown}
 j - a scroll of blinking {unknown}
Potions
 c - a potion of brilliance {unknown}
 d - a potion of mutation {unknown}
 k - a potion of curing {unknown}
 m - a potion of degeneration {unknown}
 n - a potion of haste {unknown}


   Skills:
 - Level 2.6 Fighting
 + Level 5.6 Axes
 - Level 1.5 Armour
 - Level 2.1 Dodging


You had 4 spell levels left.
You didn't know any spells.

Dungeon Overview and Level Annotations

Branches:
Dungeon (7/15)
 Temple: D:4-7

Altars:
Fedhas
Makhleb
The Shining One

Annotations:
D:5 exclusion: downstairs
D:6 Sigmund


Innate Abilities, Weirdness & Mutations

You have razor-sharp teeth.
You have supernaturally acute eyesight. (SInv)
You can survive without breathing.


Message History

You feel yourself moving faster!
You feel mighty!
You feel somewhat more thirsty. The centaur hits you.
* * * LOW HITPOINT WARNING * * *
The jackal bites you but does no damage.
The giant frog barely misses you. The centaur barely misses you.
You slash the centaur!
The centaur is severely wounded.
You miss the jackal. You barely miss the giant frog.
The jackal bites you but does no damage.
The giant frog barely misses you.
The centaur hits you but does no damage.
Unknown command.
Your plate armour prevents you from hitting the centaur.
The centaur is severely wounded.
You closely miss the jackal. You hit the giant frog.
The jackal bites you but does no damage.
The giant frog hits you.
* * * LOW HITPOINT WARNING * * *
The centaur hits you!
You die...

#? #. #. ..
#. #.
####.####
#.>..F@.#
........hc.#
#...........#
#...........#
#...........#
##.........##
##...#...##
#########


You could see a giant frog, a centaur and a jackal.

Vanquished Creatures
  A wyvern skeleton (D:6)
  2 wights (D:6)
  A worker ant (D:5)
  A worker ant zombie (D:5)
  A worm (D:5)
  A giant gecko (D:2)
  A bat (D:3)
  A giant cockroach (D:3)
  A goblin (D:1)
  A hobgoblin (D:2)
  A quokka (D:4)
  A kobold (D:1)
  2 rats
15 creatures vanquished.

Notes
Turn   | Place    | Note
-------+----------+-------------------------------------------
     0 | D:1      | brucemayne the Vampire Berserker began the quest for the Orb.
     0 | D:1      | Reached XP level 1. HP: 17/17 MP: 1/1
   221 | D:2      | Reached skill level 3 in Axes
   302 | D:2      | Found a glowing golden altar of the Shining One.
   404 | D:3      | Reached XP level 2. HP: 23/23 MP: 2/2
   501 | D:5      | Entered Level 5 of the Dungeon
   505 | D:5      | Found a blossoming altar of Fedhas.
   505 | D:5      | Found a burning altar of Makhleb.
   555 | D:6      | Noticed a wight
   574 | D:6      | Killed a wight
   574 | D:6      | Reached skill level 4 in Axes
   574 | D:6      | Reached XP level 3. HP: 18/28 MP: 3/3
   606 | D:5      | Reached XP level 4. HP: 11/34 MP: 4/4
   692 | D:6      | HP: 1/51 [wight/trident (6)]
   693 | D:6      | Reached skill level 5 in Axes
   775 | D:6      | Reached XP level 5. HP: 8/39 MP: 3/5
   798 | D:6      | Noticed a spriggan
   840 | D:6      | Noticed Sigmund
   851 | D:7      | Noticed a centaur
   855 | D:7      | Slain by a centaur

Vault maps used:
D:1:      minmay_arrival_stone_box
D:2:      old_standard_altar, first_bread
D:4:      gup_sewer_entry_pipe, minmay_small_thing
D:5:      grunt_dithmenos_smoke, gammafunk_temple_overflow_pools,
          minmay_crystal_room
D:6:      kb_forest_paths, hangedman_minor_gate_pass, uniq_sigmund,
          uniq_menkaure, uniq_blork_the_orc, uniq_pikel, uniq_eustachio
D:7:      uniq_crazy_yiuf_cottage, uniq_joseph

Skill      XL: |  1  2  3  4 |
---------------+-------------+-----
Axes           | 3 4 5 |  5.6
Fighting       | |  2.6
Armour         | |  1.5
Dodging        | |  2.1

Action                   |  1- 3 |  4- 6 || total
-------------------------+-------+-------++-------
Melee: Hand axe          |    50 |    18 ||    68
       Bite              |     6 |     3 ||     9
Invok: Berserk           |     1 |     3 ||     4
 Abil: End Transformatio |       |     4 ||     4
       Bat Form          |       |     4 ||     4
  Use: Potion            |     3 |     2 ||     5
 Stab: Sleeping          |     1 |       ||     1
Armor: Ring mail         |    13 |       ||    13
       Animal skin       |     2 |       ||     2
       Plate armour      |     2 |    14 ||    16
Dodge: Dodged            |    23 |    11 ||    34
